 Dungeon Crawl Stone Soup version 0.30-a0-824-g6c64550be9 (webtiles) character file.

Game seed: 9929364544511683637

17641 qeuew the Cardsharp (level 12, -8/92 HPs)
             Began as a Demonspawn Monk on Feb 27, 2023.
             Was a High Priest of Nemelex Xobeh.
             Mangled by a death yak simulacrum (22 damage)
             ... in an ice cave.
             The game lasted 00:14:03 (9154 turns).

qeuew the Cardsharp (Demonspawn Monk)               Turns: 9154, Time: 00:14:04

Health: -8/92      AC: 11    Str: 12    XL:     12   Next: 20%
Magic:  21/21      EV: 16    Int: 13    God:    Nemelex Xobeh [*****.]
Gold:   1860       SH:  0    Dex: 22    Spells: 11/11 levels left

rFire   + + .      SeeInvis +    a - +0 falchion
rCold   . . .      Faith    .    (no shield)
rNeg    . . .      Spirit   .    l - +1 ring mail
rPois   .          Reflect  .    g - +1 hat
rElec   .          Harm     .    b - -1 cloak of Refuge {Regen+}
rCorr   +          Rampage  .    (gloves unavailable)
Will    .....                    (no boots)
Stlth   ++                       (no amulet)
HPRegen 1.15/turn                e - ring "Kilokere" {rF++ rCorr Int+3 Dex-2 SInv}
MPRegen 0.17/turn                (no ring)

@: mighty, studying Spellcasting
A: molten scales 2, powered by pain 1, spiny 2, demonic touch 3, agile 1,
MP-powered wands, sturdy frame 1
a: Renounce Religion, Draw Escape, Draw Destruction, Draw Summoning, Triple
Draw, Deal Four, Stack Five


You were in an ice cave.
You worshipped Nemelex Xobeh.
Nemelex Xobeh was extremely pleased with you.
You visited 2 branches of the dungeon, and saw 12 of its levels.
You also visited: Bailey and Ice Cave.

You collected 1860 gold pieces.

Inventory:

Hand Weapons
 a - a +0 falchion (weapon)
 y - a +0 dagger of speed
Armour
 b - the -1 cloak of Refuge (worn) {Regen+}
   (You found it on level 4 of the Dungeon)

   Regen:     It increases your rate of health regeneration.
 g - a +1 hat (worn)
 l - a +1 ring mail (worn)
Jewellery
 e - the ring "Kilokere" (left hand) {rF++ rCorr Int+3 Dex-2 SInv}
   (You acquired it on level 1 of the Dungeon)

   [ring of resist corrosion]

   Int:       It affects your intelligence (+3).
   Dex:       It affects your dexterity (-2).
   rF:        It greatly protects you from fire.
   SInv:      It lets you see invisible.
   rCorr:     It protects you from acid and corrosion.
Wands
 h - a wand of digging (9)
 n - a wand of mindburst (18)
 o - a wand of quicksilver (10)
 r - a wand of polymorph (16)
 v - a wand of iceblast (11)
Scrolls
 d - 8 scrolls of teleportation
 j - 3 scrolls of enchant armour
 p - 3 scrolls of fear
 q - 3 scrolls of fog
 t - a scroll of blinking
 u - 2 scrolls of amnesia
 D - 3 scrolls of identify
 E - a scroll of magic mapping
Potions
 c - 2 potions of ambrosia
 f - 2 potions of heal wounds
 i - a potion of berserk rage
 k - 5 potions of curing
 m - 2 potions of invisibility
 s - a potion of cancellation
 w - a potion of brilliance
 x - 2 potions of haste
 z - a potion of resistance
 A - 2 potions of might
 B - a potion of flight
 C - a potion of mutation


   Skills:
 + Level 7.9 Fighting
 * Level 9.8 Long Blades
 + Level 6.7 Armour
 + Level 7.2 Dodging
 - Level 1.7 Stealth
 * Level 12.8 Invocations
 + Level 6.8 Evocations


You had 11 spell levels left.
You didn't know any spells.
Your spell library contained the following spells:

 Spells                   Type           Power      Damage    Failure   Level
 Sting                    Tmut/Pois      0%         1d3       41%         1
 Blink                    Tloc           0%         N/A       54%         2
 Ensorcelled Hibernation  Hex/Ice        0%         N/A       54%         2
 Lesser Beckoning         Tloc           0%         N/A       54%         2
 Momentum Strike          Conj/Tloc      0%         3d8       54%         2
 Poisonous Vapours        Pois/Air       0%         N/A       54%         2
 Spider Form              Tmut/Pois      0%         N/A       78%         3
 Summon Guardian Golem    Hex/Summ       0%         N/A       78%         3
 Anguish                  Hex/Necr       0%         N/A       99%         4
 Flame Wave               Conj/Fire      0%         2d4       99%         4
 Manifold Assault         Tloc           0%         N/A       99%         4
 Olgreb's Toxic Radiance  Pois           0%         N/A       99%         4
 Summon Forest            Summ/Tloc      0%         N/A       100%        5
 Summon Mana Viper        Hex/Summ       0%         N/A       100%        5
 Dispersal                Tloc           0%         N/A       100%        6
 Iron Shot                Conj/Erth      0%         9d1       100%        6
 Statue Form              Tmut/Erth      0%         N/A       100%        6
 Summon Cactus Giant      Summ           0%         N/A       100%        6
 Orb of Destruction       Conj           0%         9d5       100%        7
 Spellforged Servitor     Conj/Summ      0%         N/A       100%        7
 Disjunction              Tloc           0%         N/A       100%        8


Dungeon Overview and Level Annotations

Branches:
Dungeon (10/15)            Temple (0/1) D:6            Lair (2/5) D:10
    Orc (0/2) D:9          Bailey (visited)           IceCv (1/1)
  Swamp: Lair:2-3    Shoals: Lair:2-3     Snake: Lair:2-3    Spider: Lair:2-3

Altars:
Gozag
Hepliaklqana
Nemelex Xobeh
Okawaru
Ru
Sif Muna
Uskayaw
Wu Jian
Xom

Shops:
D:5 !   D:6 (

Annotations:
Lair:1 1 runed translucent door, Zenkrye's ghost, journeyman HuCA IceCv exclusion: 2 ice statues


Innate Abilities, Weirdness & Mutations

You are mostly covered in molten scales. (AC +3)
You sometimes gain a little power by taking damage.
You are mostly covered in sharp spines.
Your touch may irresistibly damage your foes and sap their willpower.
You are agile. (Dex +4, Str/Int -1)
You expend magic power (3 MP) to strengthen your wands.
Your movements are slightly less encumbered by armour. (ER -2)


Message History

The white ugly thing completely misses you.
You hit the white ugly thing.
You touch the white ugly thing!
You sap its willpower!
The white ugly thing is severely wounded.
You hit the white ugly thing.
The white ugly thing is severely wounded.
The white ugly thing misses you.
The death yak simulacrum is struck by your spines.
The death yak simulacrum gores you! The death yak simulacrum freezes you!
You focus on the pain.
You feel very mighty all of a sudden.
You are too injured to fight recklessly!
You are too injured to fight recklessly!
You are too injured to fight recklessly!
You are too injured to fight recklessly!
You are too injured to fight recklessly!
You are too injured to fight recklessly!
You are too injured to fight recklessly!
You are too injured to fight recklessly!
You are too injured to fight recklessly!
You are too injured to fight recklessly!
You are too injured to fight recklessly!
You are too injured to fight recklessly!
You are too injured to fight recklessly!
You are too injured to fight recklessly!
You are too injured to fight recklessly!
Unknown command.
You closely miss the white ugly thing.
You touch the white ugly thing!
You sap its willpower!
The white ugly thing is almost dead.
The white ugly thing is struck by your spines.
The white ugly thing trunk-slaps you but does no damage.
You barely miss the white ugly thing.
The white ugly thing is almost dead.
The death yak simulacrum is struck by your spines.
The death yak simulacrum gores you!!
* * * LOW HITPOINT WARNING * * *
The death yak simulacrum freezes you!!
You die...
Your body glows with a rainbow of weird colours and disappears.

#...∩...#
#.......#
#.......#
#...∩...#
##.....##
##...##
##.##
##...##
##..@..##
#..Zu...#
#...Z...#
#[......#
#[......#
#[!....?#
####.####
#Z.....8#
#.......#


You could see a white ugly thing (weak-willed) and 2 death yak simulacra.

Vanquished Creatures
  A vault guard (Bailey)
  A boulder beetle (D:9)
  2 two-headed ogres
  2 death yaks (Lair:2)
  A manticore (D:10)
  4 cane toads (Lair:1)
  2 komodo dragons
  A slime creature (D:8)
  A centaur simulacrum (D:10)
  3 wraiths
  20 yaks
  5 wyverns
  A steam dragon (D:8)
  A basilisk (D:10)
  3 humans (Bailey)
  4 vampire mosquitoes (D:10)
  2 acid dragons
  5 water moccasins
  3 ice beasts (D:7)
  2 black bears (Lair:1)
  3 orc warriors
  A sky beast (D:6)
  3 centaurs
  A phantom (D:4)
  A kobold brigand (D:7)
  13 bullfrogs
  3 scorpions
  3 gnoll sergeants
  2 necrophages
  An elephant simulacrum (IceCv)
  7 killer bees
  3 howler monkeys (D:7)
  7 hounds
  2 gnoll boudas (D:6)
  A jelly (D:6)
  5 orc priests
  3 iguanas
  9 orc wizards
  A polar bear simulacrum (IceCv)
  Robin (D:2)
  28 gnolls
  13 adders
  2 white imps
  An ufetubus (D:7)
  2 dart slugs
  17 orcs
  8 ball pythons
  3 bats
  5 endoplasms
  A giant cockroach (D:3)
  18 goblins
  6 hobgoblins
  2 jackals (D:5)
  10 kobolds
  4 quokkas
  8 frilled lizards
  5 rats
267 creatures vanquished.

Vanquished Creatures (collateral kills)
  A vault guard (Bailey)
  A death yak (Lair:2)
  Prince Ribbit (Bailey)
  A human (Bailey)
  2 bullfrogs (Bailey)
6 creatures vanquished.

Vanquished Creatures (others)
  8 plants
8 creatures vanquished.

Grand Total: 281 creatures vanquished

Notes
Turn   | Place    | Note
-------+----------+-------------------------------------------
     0 | D:1      | qeuew the Demonspawn Monk began the quest for the Orb.
     0 | D:1      | Reached XP level 1. HP: 18/18 MP: 1/1
   135 | D:1      | Found a faded altar of an unknown god.
   156 | D:1      | Gained mutation: You are partially covered in sharp spines.
                  | [demonic ancestry]
   156 | D:1      | Reached XP level 2. HP: 14/24 MP: 2/2
   413 | D:1      | Identified a scroll of acquirement
   413 | D:1      | Acquired the ring "Kilokere" {rF++ rCorr Int+3 Dex-2 SInv}
   626 | D:2      | Noticed Robin
   634 | D:2      | Reached skill level 1 in Armour
   634 | D:2      | Reached XP level 3. HP: 3/29 MP: 3/3
   642 | D:2      | Killed Robin
  1156 | D:3      | Gained mutation: You are mostly covered in sharp spines.
                  | [demonic ancestry]
  1156 | D:3      | Reached XP level 4. HP: 32/36 MP: 4/4
  1206 | D:3      | Found a hide-covered altar of Uskayaw.
  1837 | D:4      | Identified the -1 cloak of Refuge {Regen+}
  1866 | D:4      | Noticed a phantom
  1875 | D:4      | Killed a phantom
  1876 | D:4      | Gained mutation: Your touch may inflict minor irresistible
                  | damage on your foes. [demonic ancestry]
  1876 | D:4      | Reached XP level 5. HP: 34/42 MP: 5/5
  1943 | D:4      | Found a hazy altar of Hepliaklqana.
  1944 | D:4      | Found a shimmering blue altar of Sif Muna.
  1945 | D:4      | Found a sparkling altar of Nemelex Xobeh.
  1946 | D:4      | Found an ornate altar of the Wu Jian Council.
  1954 | D:4      | Became a worshipper of Nemelex Xobeh the Trickster
  1954 | D:4      | Reached * piety under Nemelex Xobeh
  1954 | D:4      | Received a gift from Nemelex Xobeh
  1954 | D:4      | Reached ** piety under Nemelex Xobeh
  2052 | D:4      | Reached skill level 1 in Invocations
  2265 | D:4      | Gained mutation: You are resistant to electric shocks.
                  | (rElec) [potion of mutation]
  2265 | D:4      | Gained mutation: Your body sometimes deteriorates upon
                  | taking damage. [potion of mutation]
  2265 | D:4      | Gained mutation: You are somewhat resistant to further
                  | mutation. [potion of mutation]
  2274 | D:5      | Entered Level 5 of the Dungeon
  2287 | D:5      | Reached skill level 2 in Invocations
  2287 | D:5      | Gained mutation: Your touch may inflict irresistible damage
                  | on your foes. [demonic ancestry]
  2287 | D:5      | Reached XP level 6. HP: 23/48 MP: 7/7
  2352 | D:5      | Reached skill level 1 in Evocations
  2466 | D:5      | Reached skill level 3 in Invocations
  2644 | D:5      | Gained mutation: You are partially covered in molten
                  | scales. (AC +2) [demonic ancestry]
  2644 | D:5      | Reached XP level 7. HP: 43/55 MP: 9/9
  2958 | D:5      | Found Hithruqiu's Distillery.
  3245 | D:6      | Identified the +10 spear of Stickiness {heavy, Dex+4}
  3302 | D:6      | Found a staircase to the Ecumenical Temple.
  3318 | D:6      | Reached skill level 4 in Invocations
  3420 | D:6      | Reached skill level 5 in Long Blades
  3421 | D:6      | Reached *** piety under Nemelex Xobeh
  3426 | D:6      | Reached XP level 8. HP: 61/61 MP: 11/11
  3452 | D:6      | Found Acwiutt's Antique Weapon Boutique.
  3517 | D:6      | Reached skill level 5 in Invocations
  3748 | D:6      | Received a gift from Nemelex Xobeh
  3977 | D:6      | Reached skill level 5 in Fighting
  4092 | D:7      | Reached skill level 6 in Invocations
  4343 | D:7      | Gained mutation: You are mostly covered in molten scales.
                  | (AC +3) [demonic ancestry]
  4343 | D:7      | Reached XP level 9. HP: 68/68 MP: 14/14
  4410 | D:7      | Reached skill level 7 in Invocations
  4422 | D:7      | Found an iron altar of Okawaru.
  4508 | D:7      | Reached **** piety under Nemelex Xobeh
  4508 | D:7      | Received a gift from Nemelex Xobeh
  4529 | D:7      | Reached skill level 5 in Dodging
  5228 | D:8      | Reached skill level 8 in Invocations
  5315 | D:8      | Gained mutation: You sometimes gain a little power by
                  | taking damage. [demonic ancestry]
  5315 | D:8      | Reached XP level 10. HP: 33/76 MP: 16/16
  5368 | D:8      | Received a gift from Nemelex Xobeh
  5480 | D:8      | Reached skill level 9 in Invocations
  5546 | D:8      | Identified the +5 hand axe "Dixke" {antimagic, rElec rN+}
  5548 | D:8      | Got the Incunabulum of the Shot and the Lithosphere
  5588 | D:8      | Reached skill level 5 in Armour
  5643 | D:8      | Noticed a two-headed ogre
  5650 | D:8      | Killed a two-headed ogre
  6069 | D:8      | Acquired 1174 gold pieces
  6098 | D:9      | Received a gift from Nemelex Xobeh
  6165 | D:9      | Reached ***** piety under Nemelex Xobeh
  6250 | D:9      | Reached skill level 5 in Evocations
  6270 | D:9      | Found a flagged portal.
  6279 | Bailey   | Entered a bailey
  6280 | Bailey   | Lost mutation: You are somewhat resistant to further
                  | mutation. [potion of mutation]
  6280 | Bailey   | Lost mutation: You are resistant to electric shocks.
                  | (rElec) [potion of mutation]
  6280 | Bailey   | Gained mutation: You are weak. (Str -2) [potion of
                  | mutation]
  6280 | Bailey   | Gained mutation: Your magical capacity is low. (-10% MP)
                  | [potion of mutation]
  6280 | Bailey   | Gained mutation: You expend magic power (3 MP) to
                  | strengthen your wands. [potion of mutation]
  6331 | Bailey   | Reached skill level 10 in Invocations
  6383 | Bailey   | Noticed Prince Ribbit
  6385 | Bailey   | Noticed a vault guard
  6397 | Bailey   | Killed Prince Ribbit
  6401 | Bailey   | Killed a vault guard
  6485 | Bailey   | Lost mutation: You are weak. (Str -2) [potion of mutation]
  6485 | Bailey   | Lost mutation: Your body sometimes deteriorates upon taking
                  | damage. [potion of mutation]
  6485 | Bailey   | Lost mutation: Your magical capacity is low. (-10% MP)
                  | [potion of mutation]
  6485 | Bailey   | Gained mutation: Your movements are slightly less
                  | encumbered by armour. (ER -2) [potion of mutation]
  6485 | Bailey   | Gained mutation: You are agile. (Dex +4, Str/Int -1)
                  | [potion of mutation]
  6503 | Bailey   | Noticed a vault guard
  6506 | Bailey   | Reached XP level 11. HP: 83/83 MP: 17/19
  6516 | Bailey   | Killed a vault guard
  6662 | D:9      | Noticed a boulder beetle
  6688 | D:9      | Killed a boulder beetle
  6689 | D:9      | Reached skill level 11 in Invocations
  6748 | D:9      | Found a staircase to the Orcish Mines.
  6790 | D:9      | Found a sacrificial altar of Ru.
  7057 | D:9      | Received a gift from Nemelex Xobeh
  7105 | D:10     | Entered Level 10 of the Dungeon
  7190 | D:10     | Noticed a two-headed ogre
  7197 | D:10     | Killed a two-headed ogre
  7256 | D:10     | Found an opulent altar of Gozag.
  7260 | D:10     | Identified the +2 spear "Demonspawn's Foe" {protect, Will+
                  | rCorr MP+9 Int-3}
  7336 | D:10     | Found a staircase to the Lair.
  7744 | D:10     | Reached skill level 12 in Invocations
  7886 | D:10     | Received a gift from Nemelex Xobeh
  8206 | Lair:1   | Entered Level 1 of the Lair of Beasts
  8433 | Lair:1   | Found a runed translucent door.
  8433 | Lair:1   | Found a shimmering altar of Xom.
  8433 | Lair:1   | Noticed Zenkrye's ghost (journeyman HuCA)
  8433 | Lair:1   | Noticed a +1 quarterstaff of chaos
  8506 | Lair:1   | Received a gift from Nemelex Xobeh
  8522 | Lair:1   | Gained mutation: Your touch may irresistibly damage your
                  | foes and sap their willpower. [demonic ancestry]
  8522 | Lair:1   | Reached XP level 12. HP: 63/92 MP: 21/21
  9023 | Lair:2   | Found a frozen archway.
  9024 | Lair:2   | Noticed a death yak
  9025 | Lair:2   | Noticed a death yak
  9029 | Lair:2   | Killed a death yak
  9029 | Lair:2   | Noticed a death yak
  9040 | Lair:2   | Killed a death yak
  9042 | Lair:2   | Killed a death yak
  9063 | IceCv    | Entered an ice cave
  9154 | IceCv    | Mangled by a death yak simulacrum

Illustrated notes

Levels and vault maps discovered:
D:1:      tarquinn_simple_flora_water_d, layout_basic,
          chequers_ecumenical_altar_simple
D:2:      layout_basic, uniq_robin
D:3:      layout_basic, mainiacjoe_overflow_alcove_4
D:4:      layout_cave_pools, mainiacjoe_overflow_alcove_3, minmay_circle_x
D:5:      layout_loops_ring, serial_shops, nicolae_lakefront_shop,
          minmay_lizard_king
D:6:      layout_basic, minmay_temple_entry_drinking_statues, serial_shops,
          kennysheep_little_box, nicolae_half_adder
D:7:      layout_basic, mainiacjoe_overflow_tiny_flanked,
          mainiacjoe_overflow_surrounded_room
D:8:      layout_basic, minmay_diamond_spiral
D:9:      layout_irregular_city, nicolae_ru_path_of_blood, orc_0_dummy,
          enter_bailey_3
D:10:     minmay_cornered_nines, layout_irregular_city,
          nicolae_gozag_seed_capital, david_lair_shrubbed
Lair:1:   layout_loops_ring, ebering_ghost_xom, nicolae_quartered_pool_super
Lair:2:   layout_big_grid, portal_ice_cave_entry_pillars_2
IceCv:    ice_cave_statue_garden_chambered

Skill      XL: |  1  2  3  4  5  6  7  8  9 10 11 |
---------------+----------------------------------+-----
Dodging        | 3 4 5 6 7 |  7.2
Long Blades    | 3 4 5 6 7 8 9 |  9.8
Armour         | 1 2 3 4 5 6 |  6.7
Fighting       | 4 5 6 7 |  7.9
Invocations    | 2 3 4 6 8 10 12 | 12.8
Evocations     | 1 2 3 4 5 6 |  6.8
Stealth        | |  1.7

Action                     |  1- 3 |  4- 6 |  7- 9 | 10-12 || total
---------------------------+-------+-------+-------+-------++-------
  Melee: Falchion          |    67 |    74 |   233 |   366 ||   740
         Touch             |       |     6 |    49 |    86 ||   141
         Punch             |       |       |     3 |     4 ||     7
 Invoke: Draw Summoning    |       |       |       |     7 ||     7
         Draw Destruction  |       |       |       |     2 ||     2
    Use: Potion            |     6 |     2 |       |     4 ||    12
         Scroll            |     4 |     7 |     5 |     4 ||    20
   Stab: Sleeping          |     1 |     2 |     1 |     2 ||     6
         Distracted        |       |       |       |     1 ||     1
 Armour: Robe              |     6 |       |       |       ||     6
         Ring mail         |    16 |    32 |    82 |   104 ||   234
  Dodge: Dodged            |    43 |    57 |   147 |   245 ||   492

Table legend: (Time is in decaauts)
 A = Elapsed time spent in this place.
 B = Non-inter-level travel time spent in this place.
 C = Inter-level travel time spent in this place.
 D = Time resting spent in this place.
 E = Time spent auto-exploring this place.
 F = Levels seen in this place.
 G = Mean time per level.
                   A        B        C        D        E       F      G
               +--------+--------+--------+--------+--------+-----+--------+
         Total |   9147 |   8581 |    566 |    100 |   6951 |  14 |  653.4 |
       Dungeon |   7916 |   7356 |    560 |    100 |   5997 |  10 |  791.6 |
          Lair |    847 |    842 |      5 |      0 |    711 |   2 |  423.5 |
        Bailey |    294 |    294 |      0 |      0 |    180 |   1 |  294.0 |
      Ice Cave |     89 |     89 |      0 |      0 |     62 |   1 |   89.0 |
               +--------+--------+--------+--------+--------+-----+--------+

Top non-repeatable levels by time:
     D:8: 1046 daAuts
    D:10: 981 daAuts
     D:7: 976 daAuts
     D:5: 947 daAuts
     D:6: 869 daAuts
  Lair:1: 809 daAuts
     D:9: 807 daAuts
     D:3: 736 daAuts
     D:2: 640 daAuts
     D:4: 467 daAuts
     D:1: 443 daAuts
  Bailey: 294 daAuts
   IceCv: 89 daAuts
  Lair:2: 37 daAuts
